 Dungeon Crawl Stone Soup version 0.30.0-17-ge0270778cf (webtiles) character file.

Game seed: 2074688548678828747

900 SnakkuSnakku7 the Trooper (level 7, 0/61 (67) HPs)
             Began as an Armataur Artificer on May 21, 2023.
             Was an Initiate of Gozag.
             Slain by a wight
             ... wielding a +3 mace of freezing
              (2 damage)
             ... on level 5 of the Dungeon.
             The game lasted 00:04:26 (4039 turns).

SnakkuSnakku7 the Trooper (Armataur Artificer)      Turns: 4039, Time: 00:04:27

HP:   0/61 (67)     AC:  9    Str: 19    XL:     7   Next: 79%
MP:   7/7           EV:  6    Int: 12    God:    Gozag
Gold: 407           SH:  0    Dex: 10    Spells: 6/6 levels left

rFire   + . .        a - +3 flail (protect)
rCold   . . .        (no shield)
rNeg    . . .        z - +0 chain mail
rPois   .            B - +1 hat
rElec   .            E - +0 cloak
rCorr   .            (no gloves)
SInv    .            (no barding)
Will    .....        (no amulet) Stlth
                     m - ring of protection from fire
HPRegen 0.30/turn    (no ring)
MPRegen 0.10/turn

%: roll
@: drained
A: large, rugged brown scales 3, deformed body, armoured tail, roll, long
tongue, awkward tongue
a: Renounce Religion, Potion Petition, Call Merchant, Bribe Branch


You were on level 5 of the Dungeon.
You worshipped Gozag.
Gozag was aware of your devotion.
You visited 2 branches of the dungeon, and saw 7 of its levels.

You collected 458 gold pieces.
You paid 51 gold pieces to Gozag.

Inventory:

Hand Weapons
 a - a +3 flail of protection (weapon)
 e - a +0 club
 y - a +0 mace
Armour
 b - a +0 leather armour
 s - a +0 ring mail
 z - a +0 chain mail (worn)
 A - a scarf of shadows
 B - a +1 hat (worn)
 E - a +0 cloak (worn)
Jewellery
 m - a ring of protection from fire (left hand)
Wands
 c - a wand of flame (32) (quivered)
 d - a wand of charming (15)
 G - a wand of iceblast (11)
Scrolls
 f - 4 scrolls of identify {unknown}
 g - 2 scrolls of poison {unknown}
 h - 4 scrolls of enchant armour {unknown}
 k - 3 scrolls of fog {unknown}
 o - 3 scrolls of enchant weapon {unknown}
 p - 3 scrolls of teleportation {unknown}
 q - a scroll of vulnerability {unknown}
 u - a scroll of amnesia {unknown}
 F - a scroll of torment {unknown}
Potions
 i - a potion of lignification {unknown}
 j - 3 potions of brilliance
 l - a potion of cancellation {unknown}
 n - a potion of might {unknown}
 r - a potion of invisibility {unknown}
 t - 3 potions of curing {unknown}
 v - 3 potions of mutation {unknown}
 w - a potion of haste {unknown}
 x - a potion of heal wounds
 C - a potion of magic {unknown}
 D - a potion of degeneration {unknown}
 H - a potion of flight {unknown}


   Skills:
 + Level 6.3 Fighting
 + Level 4.9 Maces & Flails
 - Level 2.4 Armour
 - Level 0.6 Dodging
 - Level 1.1 Stealth
 - Level 3.0 Evocations


You had 6 spell levels left.
You didn't know any spells.
Your spell library contained the following spells:

 Spells                   Type           Power      Damage    Failure   Level
 Summon Small Mammal      Summ           0%         N/A       96%         1
 Lesser Beckoning         Tloc           0%         N/A       99%         2
 Poisonous Vapours        Pois/Air       0%         N/A       99%         2
 Sublimation of Blood     Necr           0%         N/A       99%         2
 Call Canine Familiar     Summ           0%         N/A       100%        3
 Gell's Gravitas          Tloc           0%         N/A       100%        3
 Mephitic Cloud           Conj/Pois/Air  0%         N/A       100%        3
 Portal Projectile        Hex/Tloc       0%         N/A       100%        3
 Summon Guardian Golem    Hex/Summ       0%         N/A       100%        3
 Teleport Other           Tloc           0%         N/A       100%        3
 Vhi's Electric Charge    Tloc/Air       0%         N/A       100%        3
 Leda's Liquefaction      Hex/Erth       0%         N/A       100%        4
 Petrify                  Tmut/Erth      0%         N/A       100%        4
 Arcjolt                  Conj/Air       0%         1d10      100%        5
 Freezing Cloud           Conj/Ice/Air   0%         6-21      100%        5
 Irradiate                Conj/Tmut      0%         3d11      100%        5
 Maxwell's Capacitive Co  Air            0%         ∞         100%        8


Dungeon Overview and Level Annotations

Branches:
Dungeon (6/15)             Temple (1/1) D:4

Altars:
Ashenzari
Dithmenos
Fedhas
Gozag
Kikubaaqudgha
Makhleb
Nemelex Xobeh
Okawaru
Qazlal
Sif Muna
Trog
Vehumet
Wu Jian
Xom
Yredelemnul
Zin
The Shining One


Innate Abilities, Weirdness & Mutations

You are completely covered in rugged brown scales. (AC +3, +7% HP)
Armour fits poorly on your strangely shaped body.
You have a long armoured tail.
You roll when moving toward enemies. (Rampage)
Your long tongue fully drains potion bottles. (2x potion effects)
Your tongue gives you trouble enunciating. (1.5x scroll delay)


Message History

You climb downwards.
The wight hits you with a +0 morningstar!
There is a stone staircase leading up here.
Unknown command.
Unknown command.
The wight barely misses you.
The wight hits you with a +0 morningstar.
You climb upwards.
There is a stone staircase leading down here.
You closely miss the wight.
You tail-slap the wight, but do no damage.
The wight hits you with a +3 mace of freezing!
The wight freezes you. The wight barely misses you.
Unknown command.
You hit the wight.
Your weapon exudes an aura of protection.
The wight is lightly damaged.
The wight hits you but does no damage.
The wight hits you with a +0 morningstar.
You feel drained.
Unknown command.
You barely miss the wight.
The wight is lightly damaged.
The wight completely misses you.
The wight hits you with a +0 morningstar.
You feel drained.
The wight hits you with a +3 mace of freezing.
You feel drained. The wight freezes you. The wight barely misses you.
The wight hits you with a +3 mace of freezing.
You feel drained. The wight freezes you.
* * * LOW HITPOINT WARNING * * *
The wight attacks as you move away!
The wight hits you with a +0 morningstar!
* * * LOW HITPOINT WARNING * * *
The wight attacks as you move away!
The wight hits you with a +3 mace of freezing!
* * * LOW HITPOINT WARNING * * *
The wight freezes you.
You die...
Your body crumbles into a pile of gold.

#(....# #.####.# #.#####
#.# #.## #.#
##########.# #... #.#
#####..........#######
#.#
#.....................
#.#
#.###.#######..#######
######.###.# #.#
#...#..## ##
#..........#
#.###[..#...#####.
#.#######..#
#@#<>........##... #.#
#..# #.zz............#.
#.# #..#
#.#..........##### #.#
#..# #.......#...## #
#.# #.## #.#.#...#.###
## #.# #.# #.#.#####.#
#. #.#######.#
#.#.#####.# #.
#....<....####.........#
#.
#.##.###..........######
#.


You could see 2 wights.

Vanquished Creatures
  Eustachio (D:4)
  Edmund (D:4)
  3 scorpions
  A wight (D:5)
  2 sleepcaps (D:5)
  3 iguanas
  2 orc wizards (D:5)
  4 gnolls (D:5)
  11 adders
  A shadow imp (D:5)
  A white imp (D:5)
  2 dart slugs
  11 orcs
  4 bats
  9 endoplasms
  2 giant cockroaches
  6 goblins
  8 hobgoblins
  2 jackals (D:4)
  4 quokkas
  7 ball pythons
  5 frilled lizards
  5 kobolds
  5 rats
100 creatures vanquished.

Notes
Turn   | Place    | Note
-------+----------+-------------------------------------------
     0 | D:1      | SnakkuSnakku7 the Armataur Artificer began the quest for
                  | the Orb.
     0 | D:1      | Reached XP level 1. HP: 16/16 MP: 1/1
    19 | D:1      | Reached skill level 1 in Fighting
   182 | D:1      | Reached XP level 2. HP: 18/25 MP: 2/2
   249 | D:1      | Reached skill level 2 in Fighting
   978 | D:2      | Reached XP level 3. HP: 32/32 MP: 3/3
  1004 | D:2      | Reached skill level 3 in Fighting
  1180 | D:2      | Reached XP level 4. HP: 35/40 MP: 4/4
  1192 | D:2      | Found a glowing golden altar of the Shining One.
  1824 | D:3      | Reached skill level 1 in Maces & Flails
  2172 | D:3      | Found a broken altar of Ashenzari.
  2210 | D:3      | Reached skill level 4 in Fighting
  2319 | D:4      | Noticed Edmund
  2335 | D:4      | Killed Edmund
  2336 | D:4      | Reached XP level 5. HP: 38/50 MP: 5/5
  2477 | D:4      | Found a staircase to the Ecumenical Temple.
  2508 | Temple   | Entered the Ecumenical Temple
  2509 | Temple   | Found a transporter.
  2509 | Temple   | Found a transporter.
  2511 | Temple   | Found a transporter.
  2511 | Temple   | Found a transporter.
  2532 | Temple   | Became a worshipper of Gozag Ym Sagoz the Greedy
  2566 | D:4      | Reached XP level 6. HP: 56/56 MP: 6/6
  2666 | D:4      | Reached skill level 5 in Fighting
  2745 | D:4      | Noticed Eustachio
  2767 | D:4      | Killed Eustachio
  2768 | D:4      | Reached XP level 7. HP: 22/65 MP: 7/7
  3188 | D:5      | Entered Level 5 of the Dungeon
  3330 | D:5      | Found a shimmering blue altar of Sif Muna.
  3418 | D:5      | Reached skill level 6 in Fighting
  3513 | D:5      | Found a blossoming altar of Fedhas.
  4039 | D:5      | HP: 2/61 [wight/+3 mace of freezing (7)]
  4039 | D:5      | Slain by a wight

Illustrated notes

Levels and vault maps discovered:
D:1:      heliophobic_arrival_battle_scene, layout_basic, serial_forest,
          infiniplex_forest_straight_4, infiniplex_forest_end_3,
          infiniplex_forest_end_double, infiniplex_forest_clump_curved,
          infiniplex_forest_clump_small, infiniplex_forest_side_room,
          infiniplex_forest_fountain, infiniplex_forest_lined_corner,
          infiniplex_forest_corner_1, kennysheep_another_room
D:2:      layout_loops_ring, basic_altar, kennysheep_generic_room_9
D:3:      layout_loops_ring, ashenzari_conservatory_becter
D:4:      layout_basic, minmay_temple_entry_grid, serial_bayou_pond_d,
          amcnicky_mini_rare_corridor_liquid, hex_large, minivault_26,
          chequers_serial_rivers_marsh, hangedman_decor_lopped, uniq_eustachio,
          uniq_edmund
D:5:      layout_loops_ring, lemuel_round_altar, mainiacjoe_overflow_24_doors
D:6:      layout_basic, mainiacjoe_overflow_cross_hatched,
          grunt_temple_overflow_cloverleaf, kennysheep_generic_room_13,
          uniq_duvessa, uniq_prince_ribbit1
Temple:   hellmonk_temple_divided_pantheon

Skill      XL: |  1  2  3  4  5  6  7 |
---------------+----------------------+-----
Fighting       | 1 2 3 4 5 6 |  6.3
Maces & Flails | 2 3 4 |  4.9
Armour         | |  2.4
Dodging        | |  0.6
Stealth        | |  1.1
Evocations     | |  3.0

Action                     |  1- 3 |  4- 6 |  7- 9 || total
---------------------------+-------+-------+-------++-------
  Melee: Club              |   122 |     9 |       ||   131
         Tailslap          |    11 |    15 |    10 ||    36
         Mace              |       |    84 |       ||    84
         Punch             |       |     2 |       ||     2
         Flail             |       |    46 |    84 ||   130
  Evoke: Wand              |       |     6 |       ||     6
    Use: Potion            |       |     2 |       ||     2
   Stab: Sleeping          |     1 |       |       ||     1
         Distracted        |       |       |     1 ||     1
 Armour: Leather armour    |    32 |       |       ||    32
         Ring mail         |    45 |    25 |       ||    70
         Chain mail        |       |    61 |    49 ||   110
  Dodge: Dodged            |    56 |    49 |    36 ||   141
